 Dungeon Crawl Stone Soup version 0.20-a0-924-gfa95efa (webtiles) character file.

23 FrankyJ the Conjurer (level 3, 0/24 HPs)
             Began as a Formicid Conjurer on Mar 27, 2017.
             Slain by a hobgoblin (1 damage)
             ... on level 1 of the Dungeon.
             The game lasted 00:02:42 (588 turns).

FrankyJ the Conjurer (Formicid Conjurer)             Turns: 588, Time: 00:02:44

Health: 0/24       AC:  3    Str: 12    XL:     3   Next: 12%
Magic:  0/6        EV: 12    Int: 15    God:
Gold:   26         SH:  0    Dex: 11    Spells: 4/7 levels left

rFire    . . .     SeeInvis +   g - +0 mace
rCold    . . .     Gourm    .   (no shield)
rNeg     . . .     Faith    .   f - +0 leather armour (curse)
rPois    .         Spirit   .   (helmet unavailable)
rElec    .         Reflect  .   (no cloak)
rCorr    .         Harm     .   (no gloves)
MR       .....                  (no boots)
Stlth    ++........             (no amulet)
Regen    0.1/turn               (no ring)
MPRegen  0.1/turn               (no ring)

@: no status effects
A: permanent stasis, dig shafts and tunnels, four strong arms, antennae 3
a: Dig, Shaft Self


You were on level 1 of the Dungeon.
You were not hungry.

You visited 1 branch of the dungeon, and saw 1 of its levels.

You collected 26 gold pieces.

Inventory:

Hand Weapons
 g - a +0 mace (weapon)
Armour
 a - a +0 robe
 f - a cursed +0 leather armour (worn)
Scrolls
 d - a scroll of enchant weapon {unknown}
 h - a scroll of remove curse {unknown}
 i - a scroll of identify {unknown}
Potions
 e - a potion of magic {unknown}
Books
 b - a book of Conjurations

   Spells                             Type                      Level
   a - Magic Dart                     Conjuration                  1
   b - Searing Ray                    Conjuration                  2
   c - Dazzling Spray                 Conjuration/Hexes            3
   d - Fulminant Prism                Conjuration/Hexes            4
   e - Force Lance                    Conjuration/Translocation    4
   f - Iskenderun's Mystic Blast      Conjuration                  4
Comestibles
 c - a bread ration


   Skills:
 + Level 0.2 Fighting
 + Level 0.2 Maces & Flails
 + Level 1.9 Dodging
 + Level 2.6 Stealth
 + Level 0.2 Unarmed Combat
 + Level 2.5 Spellcasting
 + Level 4.0 Conjurations


You had 4 spell levels left.
You knew the following spells:

 Your Spells              Type           Power        Failure   Level  Hunger
a - Magic Dart            Conj           ##..         6%          1    #......
b - Searing Ray           Conj           ##....       10%         2    ###....


Dungeon Overview and Level Annotations

Branches:
Dungeon (1/15)

Altars:


Innate Abilities, Weirdness & Mutations

You cannot be hasted, slowed, berserked, paralysed or teleported.
You can dig through walls and to a lower floor.
Your four strong arms can wield two-handed weapons with a shield.
You have a pair of large antennae on your head. (SInv)


Message History

You start resting.
A hobgoblin comes into view.
You start resting.
You sense a monster nearby.
You start resting.
The hobgoblin hits you.
* * * LOW HITPOINT WARNING * * *
Casting: Searing Ray
Confirm with . or Enter, or press ? or * to list all spells.
Aiming: Searing Ray
Press: ? - help, Shift-Dir - straight line, f - hobgoblin
Aim: a hobgoblin The searing ray misses the hobgoblin. (Press . to maintain the ray.)
The hobgoblin hits you.
* * * LOW HITPOINT WARNING * * *
Without enough magic to sustain it, your searing ray dissipates.
The hobgoblin closely misses you.
You closely miss the hobgoblin. The hobgoblin hits you.
You die...

##########
#########...##...#
#...........(....#
#.#######...##...#
#.# #######@####
#.# #g##g# ##.#
#.#.#)# #..#
#..###.. #.##
#.(..#..# .... #.#
.. ...###.##.#
....) #.# #.. . #.
.# ####g
#.#####... .####.
# #.......# ... ..


You could see a hobgoblin.

Vanquished Creatures
  A gnoll (D:1)
  A leopard gecko (D:1)
  A giant cockroach (D:1)
  A goblin (D:1)
  2 hobgoblins (D:1)
  A bat (D:1)
  A frilled lizard (D:1)
  3 kobolds (D:1)
  3 rats (D:1)
14 creatures vanquished.

Notes
Turn   | Place    | Note
-------+----------+-------------------------------------------
     0 | D:1      | FrankyJ the Formicid Conjurer began the quest for the Orb.
     0 | D:1      | Reached XP level 1. HP: 13/13 MP: 3/3
   192 | D:1      | Reached XP level 2. HP: 19/19 MP: 0/5
   265 | D:1      | Learned a level 2 spell: Searing Ray
   568 | D:1      | Reached skill level 4 in Conjurations
   568 | D:1      | Reached XP level 3. HP: 5/24 MP: 1/6
   586 | D:1      | HP: 1/24 [hobgoblin (5)]
   588 | D:1      | Slain by a hobgoblin

Vault maps used:
D:1:      dpeg_arrival_rooms_a

Skill      XL: |  1  2 |
---------------+-------+-----
Conjurations   | 4 |  4.0
Fighting       | |  0.2
Maces & Flails | |  0.2
Dodging        | |  1.9
Stealth        | |  2.6
Unarmed Combat | |  0.2
Spellcasting   | |  2.5

Action                   || total
-------------------------++-------
Melee: Unarmed           ||     8
       Mace              ||     5
 Cast: Magic Dart        ||    13
       Searing Ray       ||     7
Armor: Robe              ||     4
Dodge: Dodged            ||    11
